[Event "Titled Tuesday Blitz March 14 Early 2023"]
[White "Ozates, Tuna"]
[Black "Mirzanurov, Bulat"]
[WhiteFideId "6354521"]
[BlackFideId "4184521"]
[WhiteElo "2151"]
[BlackElo "2019"]
[Result "1-0"]
[Round "03"]
[TimeControl "180+2"]
[Date "2023.03.14"]
[WhiteClock "0:00:34"]
[BlackClock "0:00:14"]

1. d4 d5 2. c4 dxc4 3. e3 e6 4. Bxc4 c5 5. Nc3 a6 6. a4 Nc6 7. Nf3 Nf6 8. O-O Be7 9. Qe2 Qc7 10. Rd1 O-O 11. dxc5 Bxc5 12. e4 e5 13. Bg5 Nd4 14. Nxd4 Bxd4 15. Bxf6 gxf6 16. Nd5 Qd6 17. Ra3 Kh8 18. Rg3 Be6 19. Ne3 Rg8 20. Bxe6 fxe6 21. Rh3 Rg7 22. Qf3 Qe7 23. g3 Bxb2 24. Rh6 Rg6 25. Rxg6 hxg6 26. h4 Kg7 27. Ng4 Bd4 28. Rc1 Rf8 29. h5 g5 30. h6+ Kg6 31. Kg2 Kh7 32. a5 Kg6 33. h7 Qxh7 34. Rh1 Qe7 35. Nxf6 Rxf6 36. Qh5+ Kg7 37. Qh8+ Kf7 38. Rh7+ Kg6 39. Qg8+ 1-0


[Site "https://www.chess.com"]

[Event "Titled Tuesday Blitz March 14 Early 2023"]
[White "Bas Mas, Jose Joaquin"]
[Black "Weetik, Vjacheslav"]
[WhiteFideId "22219064"]
[BlackFideId "4153472"]
[WhiteElo "2233"]
[BlackElo "2469"]
[Result "1-0"]
[Round "03"]
[TimeControl "180+2"]
[Date "2023.03.14"]
[WhiteClock "0:00:36"]
[BlackClock "0:00:01"]

1. e4 c6 2. d4 d5 3. f3 dxe4 4. fxe4 e5 5. Nf3 Bg4 6. Bc4 Nd7 7. O-O Bd6 8. Bxf7+ Ke7 9. Bxg8 Rxg8 10. Bg5+ Nf6 11. dxe5 Qb6+ 12. Kh1 Bxe5 13. Nbd2 Rad8 14. Qe1 Qxb2 15. Rb1 Qc3 16. Rb3 Qc5 17. Rxb7+ Rd7 18. Nb3 Qc3 19. Nxe5 Qxe5 20. Qb4+ Kf7 21. Rxd7+ Bxd7 22. Qc4+ Kg6 23. Bxf6 Be6 24. Bxe5 Bxc4 25. Re1 Re8 26. Bd4 1-0


[Site "https://www.chess.com"]

[Event "Titled Tuesday Blitz March 14 Early 2023"]
[White "Fiorito, Francisco"]
[Black "Sarkar, Justin"]
[WhiteFideId "180165"]
[BlackFideId "2010011"]
[WhiteElo "2341"]
[BlackElo "2189"]
[Result "1-0"]
[Round "03"]
[TimeControl "180+2"]
[Date "2023.03.14"]
[WhiteClock "0:00:11"]
[BlackClock "0:00:02"]

1. d4 Nf6 2. Nc3 d5 3. Bf4 c5 4. e3 a6 5. dxc5 e6 6. Na4 Bxc5 7. Nxc5 Qa5+ 8. c3 Qxc5 9. Nf3 Nc6 10. Be2 O-O 11. O-O Qe7 12. Ne5 Nxe5 13. Bxe5 Bd7 14. Qd4 Bc6 15. Bf3 Rfd8 16. Rfd1 Ne8 17. Bg3 f6 18. Qb6 Nd6 19. b3 Rac8 20. Rac1 Nf5 21. Bg4 Nxg3 22. hxg3 Kf7 23. c4 dxc4 24. bxc4 Rxd1+ 25. Rxd1 Rc7 26. Rd4 Rd7 27. Kh2 f5 28. Be2 e5 29. Rxd7 Qxd7 30. Qc5 Qd2 31. Bh5+ g6 32. Qxe5 Qxf2 33. Qc7+ Kf6 34. Qd6+ Kg7 35. Qe5+ Kh6 36. Bf3 Bxf3 37. Qf4+ Kg7 38. Qc7+ Kh6 39. Qf4+ g5 40. Qxf3 Qxf3 41. gxf3 Kg6 42. Kg2 h5 43. Kh3 Kf6 44. f4 Kg6 45. Kh2 Kf6 46. Kg2 Kg6 47. a3 Kf6 48. a4 a5 49. Kh3 b6 50. Kh2 Kg6 51. Kg2 Kf6 52. Kf2 Kg6 53. Kf3 Kh6 54. Kf2 Kg6 55. Ke2 Kh6 56. Kd3 h4 57. gxh4 gxh4 58. Ke2 Kh5 59. Kf3 h3 60. Kg3 h2 61. Kxh2 Kh4 62. Kg2 Kg4 63. Kf2 Kh4 64. Kf3 Kh3 65. e4 1-0


[Site "https://www.chess.com"]

[Event "Titled Tuesday Blitz March 14 Early 2023"]
[White "Manon-og, Ramon Jr."]
[Black "Shuvalova, Polina"]
[WhiteFideId "5200776"]
[BlackFideId "24171760"]
[WhiteElo "2336"]
[BlackElo "2297"]
[Result "0-1"]
[Round "03"]
[TimeControl "180+2"]
[Date "2023.03.14"]
[WhiteClock "0:00:09"]
[BlackClock "0:01:05"]

1. e4 c6 2. d4 d5 3. e5 Bf5 4. Nd2 e6 5. Nb3 h6 6. Nf3 Ne7 7. Be2 Nd7 8. O-O Ng6 9. c4 f6 10. exf6 Qxf6 11. cxd5 exd5 12. Bd3 Be7 13. Qc2 Bxd3 14. Qxd3 O-O 15. Bd2 Bd6 16. Rae1 Nf4 17. Bxf4 Qxf4 18. Re6 Rf6 19. Rfe1 Raf8 20. Rxf6 Nxf6 21. g3 Qg4 22. Ne5 Bxe5 23. dxe5 Ne4 24. Re2 Rf3 25. Qc2 Rf5 26. e6 Rh5 27. Qd3 Qh3 28. f4 Qxe6 29. Nc5 Nxc5 30. Qf3 Qf7 31. Qg4 Rf5 32. Qh4 Rf6 33. Qg4 Ne4 34. Qc8+ Kh7 35. Kg2 g5 36. fxg5 hxg5 37. Qh3+ Kg7 38. Qg4 Rf2+ 39. Kg1 Rf1+ 40. Kg2 Rb1 0-1


[Site "https://www.chess.com"]

[Event "Titled Tuesday Blitz March 14 Early 2023"]
[White "Perez Rodriguez, Jennifer"]
[Black "Tillyaev, Ulugbek"]
[WhiteFideId "3507831"]
[BlackFideId "14202441"]
[WhiteElo "2170"]
[BlackElo "2377"]
[Result "1-0"]
[Round "03"]
[TimeControl "180+2"]
[Date "2023.03.14"]
[WhiteClock "0:00:36"]
[BlackClock "0:00:13"]

1. e4 Nf6 2. Nc3 d5 3. exd5 Nxd5 4. Nxd5 Qxd5 5. d4 c5 6. Nf3 Nc6 7. Be3 cxd4 8. Nxd4 Nxd4 9. Qxd4 Qxd4 10. Bxd4 Bd7 11. O-O-O Bc6 12. f3 f6 13. Bc4 e5 14. Rhe1 Be7 15. Bf2 b6 16. f4 exf4 17. Rd6 Bd7 18. Rd4 Bf5 19. Rxf4 Bg6 20. Rd4 Rc8 21. Bb3 Rc7 22. Bg3 Rb7 23. Bd5 Rd7 24. Bc6 O-O 25. Rxd7 Bb4 26. Red1 Bh5 27. Bf3 Bg6 28. Rd8 h5 29. Rxf8+ Kxf8 30. Rd7 Bd6 31. Bxd6+ 1-0


[Site "https://www.chess.com"]

[Event "Titled Tuesday Blitz March 14 Early 2023"]
[White "Papasimakopoulos, Alexandros"]
[Black "Sovetbekova, Nurai"]
[WhiteFideId "4244125"]
[BlackFideId "13801910"]
[WhiteElo "2359"]
[BlackElo "1857"]
[Result "1-0"]
[Round "03"]
[TimeControl "180+2"]
[Date "2023.03.14"]
[WhiteClock "0:00:12"]
[BlackClock "0:00:02"]

1. d4 Nf6 2. c4 g6 3. Nc3 d5 4. Nf3 Bg7 5. Qb3 dxc4 6. Qxc4 a6 7. e4 b5 8. Qb3 Bb7 9. e5 Nd5 10. Be2 O-O 11. O-O e6 12. a4 Nxc3 13. bxc3 Bd5 14. Qc2 bxa4 15. Qxa4 Nd7 16. Ba3 c5 17. Rfb1 Qc7 18. Bc1 Rfb8 19. Rxb8+ Nxb8 20. c4 Bc6 21. Qa5 Qxa5 22. Rxa5 cxd4 23. Nxd4 Bb7 24. f4 Nc6 25. Nxc6 Bxc6 26. Ba3 Bf8 27. g3 Bxa3 28. Rxa3 Kf8 29. Kf2 Ke7 30. Ke3 Kd7 31. Kd4 Kc7 32. Kc5 a5 33. h4 h5 34. g4 hxg4 35. Bxg4 a4 36. h5 gxh5 37. Bxh5 f6 38. Bf7 fxe5 39. fxe5 Bd7 40. Bh5 Ra5+ 41. Kd4 Ra8 42. Bd1 Rh8 43. Ra2 Rh4+ 44. Kd3 Rh3+ 45. Kd4 Rh4+ 46. Kc5 Re4 47. Bxa4 Rxe5+ 48. Kb4 Bxa4 49. Rxa4 Rh5 50. Ra6 Kd7 51. c5 e5 52. Kb5 e4 53. Rd6+ Kc7 54. Re6 Rh4 55. Re7+ Kd8 56. Re5 Kc7 57. c6 Kd6 58. Re8 Kc7 59. Re7+ Kd8 60. Re5 Kc7 61. Kc5 e3 62. Re7+ Kd8 63. Rxe3 Rh5+ 64. Kb6 Rh6 65. Rg3 Rh8 66. Kb7 Rh7+ 67. Kb8 Rh4 68. c7+ Ke7 69. c8=Q Rb4+ 70. Qb7+ Rxb7+ 71. Kxb7 1-0


[Site "https://www.chess.com"]

[Event "Titled Tuesday Blitz March 14 Early 2023"]
[White "Al-Tarboush, Ward"]
[Black "Wilson, Elvin"]
[WhiteFideId "7601450"]
[BlackFideId "2014874"]
[WhiteElo "2257"]
[BlackElo "2290"]
[Result "1-0"]
[Round "03"]
[TimeControl "180+2"]
[Date "2023.03.14"]
[WhiteClock "0:02:15"]
[BlackClock "0:01:27"]

1. e4 e6 2. d4 d5 3. exd5 exd5 4. Bd3 Nf6 5. Bg5 c5 6. Nf3 c4 7. Be2 Be7 8. O-O O-O 9. b3 cxb3 10. axb3 Ne4 11. Bxe7 Qxe7 12. c4 Be6 13. Ne5 Nd7 14. Nxd7 Qxd7 15. Bf3 Nf6 16. c5 Ne4 17. Bxe4 dxe4 18. Nc3 Rfd8 19. Ra4 Bd5 20. Qc2 Bc6 21. Rc4 Bd5 22. Rb4 a5 23. Rb6 Bc6 24. d5 Bxd5 25. Rd6 Qf5 26. Nxd5 1-0


[Site "https://www.chess.com"]

[Event "Titled Tuesday Blitz March 14 Early 2023"]
[White "Bolanos, Fernando"]
[Black "Kim, Sergey"]
[WhiteFideId "3304094"]
[BlackFideId "13700570"]
[WhiteElo "2166"]
[BlackElo "2626"]
[Result "0-1"]
[Round "03"]
[TimeControl "180+2"]
[Date "2023.03.14"]
[WhiteClock "0:00:03"]
[BlackClock "0:00:54"]

1. e4 e5 2. Nf3 Nc6 3. Bc4 Bc5 4. O-O Nf6 5. d3 O-O 6. h3 d6 7. c3 a6 8. a4 Ba7 9. Nbd2 Nh5 10. Nxe5 Nxe5 11. Qxh5 Nxc4 12. Nxc4 f5 13. Be3 fxe4 14. Bxa7 Rxa7 15. dxe4 Be6 16. Ne3 Ra8 17. Rae1 Qe7 18. Nd5 Qd7 19. b3 Rae8 20. c4 c6 21. Ne3 Qc7 22. f3 Qb6 23. e5 dxe5 24. Qxe5 Bxc4 25. a5 Rxe5 26. axb6 Bxf1 27. Kxf1 Rfe8 28. Kf2 Rb5 29. Rd1 Rxb3 30. Nf5 g6 31. Nh6+ Kg7 32. Ng4 Re7 33. f4 Rxb6 34. Ne5 Rb5 35. g4 a5 36. h4 a4 37. h5 a3 38. g5 gxh5 39. Nf3 a2 40. f5 Kf8 41. f6 Re8 42. Kg3 Rb1 43. Rd7 a1=Q 44. Rxh7 Rg1+ 45. Nxg1 Qxg1+ 46. Kf4 Qg4# 0-1


[Site "https://www.chess.com"]

[Event "Titled Tuesday Blitz March 14 Early 2023"]
[White "Martin, Lewis"]
[Black "polandchessplayer"]
[WhiteFideId "410551"]
[WhiteElo "2145"]
[BlackElo "2607"]
[Result "0-1"]
[Round "03"]
[TimeControl "180+2"]
[Date "2023.03.14"]
[WhiteClock "0:00:38"]
[BlackClock "0:01:44"]

1. e4 c6 2. d4 d5 3. Nc3 dxe4 4. Nxe4 Nf6 5. Nxf6+ exf6 6. c3 Bd6 7. Qc2 O-O 8. Bd3 h5 9. Ne2 h4 10. Be3 Re8 11. O-O-O Be6 12. Kb1 Nd7 13. g3 h3 14. Bf5 Nb6 15. Bxe6 Rxe6 16. Nf4 Bxf4 17. Bxf4 Nd5 18. Bc1 Qe7 19. a3 Re8 20. c4 Nb6 21. Be3 Re4 22. Rhe1 Qe6 23. b3 a5 24. a4 f5 25. Qc3 Nd7 26. Qxa5 Nf6 27. Qc3 Ng4 28. Bd2 Nxh2 29. Rh1 Ng4 30. Rxh3 Nxf2 31. Rdh1 Nxh1 32. Rxh1 Re2 33. Rh4 f6 34. Qd3 Rg2 35. Qf3 Qe2 36. Qxe2 Rexe2 37. Bc1 Rg1 38. d5 cxd5 39. cxd5 Rd2 40. Rc4 Rxd5 41. Kc2 Rxg3 42. Rc8+ Kh7 0-1


[Site "https://www.chess.com"]

[Event "Titled Tuesday Blitz March 14 Early 2023"]
[White "Bennett, David"]
[Black "Maksimenko, Viktor"]
[WhiteFideId "2028271"]
[BlackFideId "13710478"]
[WhiteElo "2131"]
[BlackElo "2277"]
[Result "0-1"]
[Round "03"]
[TimeControl "180+2"]
[Date "2023.03.14"]
[WhiteClock "0:00:26"]
[BlackClock "0:01:27"]

1. f4 e5 2. fxe5 d6 3. exd6 Bxd6 4. Nf3 g5 5. g3 g4 6. Nh4 Ne7 7. d4 Ng6 8. Nxg6 hxg6 9. Qd3 Nc6 10. c3 Qe7 11. Bg2 Bd7 12. Nd2 O-O-O 13. Ne4 Bf5 14. Nxd6+ Rxd6 15. Qb5 Re8 16. d5 a6 17. Qc4 Na5 18. Bg5 Nxc4 19. Bxe7 Rxe7 20. O-O-O Ne3 0-1


[Site "https://www.chess.com"]

[Event "Titled Tuesday Blitz March 14 Early 2023"]
[White "Turgut, Aydin"]
[Black "Guzman, Christopher"]
[WhiteFideId "2078791"]
[BlackFideId "6405096"]
[WhiteElo "2259"]
[BlackElo "2281"]
[Result "1-0"]
[Round "03"]
[TimeControl "180+2"]
[Date "2023.03.14"]
[WhiteClock "0:00:56"]
[BlackClock "0:01:33"]

1. e4 c6 2. d4 d5 3. f3 Nf6 4. Nc3 e6 5. Be3 Bb4 6. e5 Ng8 7. a3 Bxc3+ 8. bxc3 c5 9. dxc5 Nc6 10. f4 Qa5 11. Qd2 Nge7 12. Nf3 Nf5 13. Bf2 h5 14. c4 d4 15. Qxa5 Nxa5 16. Nxd4 Ne7 17. Nb5 O-O 18. Be2 g6 19. Bh4 Nf5 20. Bf6 Ne3 21. Kf2 Nexc4 22. g4 h4 23. Bxh4 Bd7 24. Nd6 Nxd6 25. cxd6 Rfc8 26. Bd3 Rc5 27. Bf6 Rac8 28. h4 Bb5 29. h5 Bxd3 30. cxd3 Rc2+ 31. Ke3 Nc4+ 32. dxc4 R8xc4 33. Rad1 g5 34. fxg5 Rxg4 35. d7 1-0


[Site "https://www.chess.com"]

[Event "Titled Tuesday Blitz March 14 Early 2023"]
[White "Kiseleva, Arina"]
[Black "Garv Gaur"]
[WhiteFideId "4164989"]
[BlackFideId "45030839"]
[WhiteElo "1756"]
[BlackElo "2068"]
[Result "1-0"]
[Round "03"]
[TimeControl "180+2"]
[Date "2023.03.14"]
[WhiteClock "0:00:17"]
[BlackClock "0:00:05"]

1. d4 Nf6 2. Nf3 e6 3. e3 b6 4. Bd3 Bb7 5. Nbd2 c5 6. O-O Be7 7. b3 O-O 8. Bb2 d5 9. a3 Nc6 10. dxc5 bxc5 11. Ne5 Qc7 12. Ndf3 Rfd8 13. Nxc6 Bxc6 14. Ne5 Bb7 15. Ng4 c4 16. Nxf6+ Bxf6 17. Bxf6 gxf6 18. Qg4+ Kh8 19. bxc4 f5 20. Qd4+ Kg8 21. cxd5 Bxd5 22. Qf6 Qc6 23. Qg5+ Kf8 24. Qh6+ Ke7 25. Qh4+ Kd7 26. Rab1 Rab8 27. Qxh7 Bxg2 28. Qxf7+ Kd6 29. Rxb8 Rxb8 30. Rd1 Bd5 31. c4 Qa4 32. Be2 Qxd1+ 33. Bxd1 Be4 34. Qxa7 Rb1 35. Qd4+ Ke7 36. Kf1 Bf3 37. Ke1 Kf7 38. h4 e5 39. Qd2 Kg6 40. a4 Kh5 41. Qc2 Rxd1+ 42. Qxd1 Bxd1 43. Kxd1 Kxh4 44. c5 Kg5 45. c6 Kf6 46. c7 Ke7 1-0


[Site "https://www.chess.com"]

[Event "Titled Tuesday Blitz March 14 Early 2023"]
[White "Torres Dominguez, David"]
[Black "Vlassov, Nikolai"]
[WhiteFideId "2220857"]
[BlackFideId "4103360"]
[WhiteElo "1999"]
[BlackElo "2324"]
[Result "0-1"]
[Round "03"]
[TimeControl "180+2"]
[Date "2023.03.14"]
[WhiteClock "0:00:47"]
[BlackClock "0:00:32"]

1. e4 c5 2. Nc3 g6 3. d4 cxd4 4. Qxd4 Nf6 5. Bb5 Nc6 6. Bxc6 bxc6 7. e5 Nd5 8. Nxd5 cxd5 9. Qxd5 Rb8 10. e6 Bg7 11. exf7+ Kf8 12. c3 Bb7 13. Qg5 Kxf7 14. Ne2 Rf8 15. O-O Kg8 16. Qh4 Ba6 17. Re1 Qb6 18. b4 Qe6 19. Be3 Bxe2 20. Rxe2 Bxc3 21. Rc1 Rxb4 22. Qg3 Be5 23. Qg5 Rg4 24. Qh6 Bf6 25. h3 Rh4 0-1


[Site "https://www.chess.com"]

[Event "Titled Tuesday Blitz March 14 Early 2023"]
[White "Skatchkov, Pavel"]
[Black "Bongo Akanga Ndjila, Barthelemy"]
[WhiteFideId "4121848"]
[BlackFideId "10609431"]
[WhiteElo "2476"]
[BlackElo "1768"]
[Result "1-0"]
[Round "03"]
[TimeControl "180+2"]
[Date "2023.03.14"]
[WhiteClock "0:00:18"]
[BlackClock "0:00:06"]

1. d4 d5 2. c4 e6 3. Nf3 a6 4. cxd5 exd5 5. g3 Nf6 6. Bg2 Be7 7. Bf1 O-O 8. Bg2 Re8 9. O-O h6 10. Nc3 c6 11. Bf4 Bd6 12. Qb3 Bxf4 13. gxf4 Nbd7 14. Ne5 Qc7 15. Rac1 Qd6 16. e3 b5 17. e4 Nb6 18. exd5 cxd5 19. Ne2 Nc4 20. Qg3 Ne4 21. Qh4 g5 22. Qh5 Be6 23. f5 Nxe5 24. dxe5 Qxe5 25. fxe6 fxe6 26. Rc7 Qxc7 27. Qxh6 Qg7 28. Qh5 Rf8 29. Bh3 Rae8 30. Qg4 Qxb2 31. Bg2 Qe5 32. h4 Rf5 33. f4 Qf6 34. hxg5 Qe7 35. Nd4 Qc5 36. Qd1 Ng3 37. Rf2 Rff8 38. Rc2 Qb6 39. Rc6 Qa7 40. Kh2 Nf5 41. Nxe6 Qh7+ 42. Kg1 Rf7 43. Bxd5 Ne3 44. Qf3 Nxd5 45. Qxd5 Qh5 46. Rc2 Qg4+ 47. Rg2 Qh5 48. g6 Rf5 49. Qb3 Kh8 50. g7+ Kh7 51. Rh2 Qxh2+ 52. Kxh2 Rh5+ 53. Kg3 Rg8 54. Qd3+ Kh6 55. Kg4 Rxg7+ 56. Nxg7 Kxg7 57. Kxh5 1-0


[Site "https://www.chess.com"]

[Event "Titled Tuesday Blitz March 14 Early 2023"]
[White "Samarth, J Rao"]
[Black "Jeet, Jain"]
[WhiteFideId "46652370"]
[BlackFideId "5073022"]
[WhiteElo "1564"]
[BlackElo "2067"]
[Result "1/2-1/2"]
[Round "03"]
[TimeControl "180+2"]
[Date "2023.03.14"]
[WhiteClock "0:00:13"]
[BlackClock "0:00:33"]

1. c4 c5 2. e3 Nc6 3. Nc3 Nf6 4. d4 cxd4 5. exd4 d5 6. Nf3 g6 7. c5 Bg7 8. Bb5 O-O 9. Bxc6 bxc6 10. Ne5 Qc7 11. O-O Nd7 12. Nxd7 Bxd7 13. Be3 e5 14. dxe5 Bxe5 15. h3 Rab8 16. Rb1 Bf5 17. Rc1 Rxb2 18. Bd4 Bh2+ 19. Kh1 Bf4 20. Nxd5 cxd5 21. Bxb2 Bxc1 22. Qxc1 f6 23. Rd1 Qc6 24. Bd4 Re8 25. Qc3 Kf7 26. Rd2 Re1+ 27. Kh2 Qc7+ 28. Qg3 Qxg3+ 29. Kxg3 Bd7 30. f3 a5 31. Kf2 Rc1 32. Be3 Ke6 33. Rb2 Rc4 34. Rd2 Bc6 35. Bd4 a4 36. Re2+ Kf7 37. Rd2 f5 38. f4 Ke6 39. h4 Kd7 40. g3 Bb5 41. Ke3 Rc1 42. Rb2 Kc6 43. Rf2 Rg1 44. Kf3 Rd1 45. Be3 d4 46. Rd2 Rxd2 47. Bxd2 Kxc5 48. a3 Kc4 49. Bb4 Kd3 50. Kf2 Kc2 51. Ke1 Bc6 52. Bd2 Kd3 53. Bc1 Bd5 54. Bd2 Ke4 55. Kf2 Bc4 56. Bb4 Kd3 57. Ba5 Kc2 58. Ke1 Kb3 59. Bb4 Bd5 60. Kd2 Kc4 61. Bc5 Be4 62. Bd6 Kd5 63. Bb4 Bh1 64. Be7 Ke4 65. Ke2 Bf3+ 66. Kf2 Bd1 67. Bb4 Bb3 68. Bd2 d3 69. Bb4 Kd4 70. Bd2 Bc2 71. Kf3 Kc4 72. Ke3 Kb3 73. Bb4 Kc4 74. Kd2 Kd4 75. Bc3+ Ke4 76. Bf6 Kf3 77. Bg5 Kxg3 78. Ke3 Kg4 79. Bf6 h6 80. Bg7 Kh5 81. Bf6 Bb1 82. Bg7 Bc2 83. Bf8 Kg4 84. Bxh6 Kxh4 85. Bg5+ Kg4 86. Bh6 Bb1 87. Bg5 Kg3 88. Bh6 Kg2 89. Bg5 Kf1 90. Kd2 Kf2 91. Bh6 Kf3 92. Bg5 Bc2 93. Bh6 Kg4 94. Bg5 Kf3 95. Bh6 Ke4 96. Bg5 Bb3 97. Bh6 Be6 98. Bg5 Kd4 99. Bh6 Bd5 100. Bg5 Be4 101. Bh6 Kc4 102. Bg5 Kb3 103. Be7 Kc4 104. Bg5 Kd5 105. Be7 Ke6 106. Bg5 Kd7 107. Bh6 Kc6 108. Bg5 Kd5 109. Bh6 Kc4 110. Bg5 1/2-1/2


[Site "https://www.chess.com"]

[Event "Titled Tuesday Blitz March 14 Early 2023"]
[White "Aung Thant Zin"]
[Black "Kornyukov, Alexey"]
[WhiteFideId "13000063"]
[BlackFideId "4150457"]
[WhiteElo "2278"]
[BlackElo "2352"]
[Result "1-0"]
[Round "03"]
[TimeControl "180+2"]
[Date "2023.03.14"]
[WhiteClock "0:00:36"]
[BlackClock "0:00:20"]

1. e4 c5 2. Nf3 Nc6 3. Bb5 g6 4. O-O Bg7 5. c3 Nf6 6. Re1 d6 7. d4 O-O 8. e5 dxe5 9. Bxc6 bxc6 10. Nxe5 Bb7 11. dxc5 Qxd1 12. Rxd1 Ne4 13. Nf3 Rad8 14. Re1 Nxc5 15. Na3 Nd3 16. Rxe7 Ba6 17. Be3 Nxb2 18. Rxa7 Ra8 19. Rxa8 Rxa8 20. Bd4 Bd3 21. Bxg7 Kxg7 22. Nb1 Na4 23. Nbd2 Nxc3 24. a3 Nb5 25. a4 Nc3 26. a5 Be2 27. Nd4 Bb5 28. h3 Ra6 29. N2b3 Bc4 30. Nc5 Ra8 31. Nxc6 Bb5 32. Nd4 Bc4 33. a6 Ne2+ 34. Nxe2 Bxe2 35. a7 Kf6 36. Nd7+ Ke7 37. Nb6 1-0


[Site "https://www.chess.com"]

[Event "Titled Tuesday Blitz March 14 Early 2023"]
[White "Cornette, Matthieu"]
[Black "Larina, Maria"]
[WhiteFideId "620084"]
[BlackFideId "24113182"]
[WhiteElo "2478"]
[BlackElo "1848"]
[Result "1-0"]
[Round "03"]
[TimeControl "180+2"]
[Date "2023.03.14"]
[WhiteClock "0:00:20"]
[BlackClock "0:00:07"]

1. Nc3 d6 2. e4 e5 3. f4 Nc6 4. Nf3 g6 5. Bc4 h6 6. O-O Bg7 7. d3 Na5 8. Bb3 Nxb3 9. axb3 Ne7 10. Qe1 Bg4 11. fxe5 dxe5 12. Be3 a6 13. Qg3 Bxf3 14. Rxf3 Qd7 15. Raf1 O-O 16. Qh4 g5 17. Qh5 f5 18. exf5 Rxf5 19. Rxf5 Nxf5 20. Qg4 Rf8 21. Bc5 Rf7 22. Ne4 b6 23. Bf2 Nd4 24. Qxd7 Rxd7 25. Bxd4 exd4 26. b4 Rf7 27. Ra1 Bf8 28. c3 dxc3 29. bxc3 Kg7 30. Rxa6 Rd7 31. d4 Be7 32. Kf2 Bd8 33. Ke3 Rf7 34. Ra8 Be7 35. Rc8 Bf8 36. b5 Rd7 37. c4 Bb4 38. c5 bxc5 39. dxc5 Re7 40. Kd4 Bxc5+ 41. Nxc5 Re2 42. Rxc7+ Kg6 43. b6 Rxg2 44. b7 Rb2 1-0


[Site "https://www.chess.com"]

[Event "Titled Tuesday Blitz March 14 Early 2023"]
[White "Karas, Marek"]
[Black "Samaganova, Aleksandra"]
[WhiteFideId "14928558"]
[BlackFideId "13800221"]
[WhiteElo "2233"]
[BlackElo "1858"]
[Result "1-0"]
[Round "03"]
[TimeControl "180+2"]
[Date "2023.03.14"]
[WhiteClock "0:00:17"]
[BlackClock "0:00:05"]

1. d4 Nf6 2. Nf3 e6 3. c4 b6 4. a3 Bb7 5. Nc3 Be7 6. d5 d6 7. e4 e5 8. Bd3 Nbd7 9. b4 a5 10. Bb2 O-O 11. O-O g6 12. Re1 Nh5 13. Bf1 Ng7 14. Nd2 f5 15. bxa5 Rxa5 16. Nb3 Ra8 17. a4 f4 18. a5 f3 19. g3 h5 20. axb6 cxb6 21. Rxa8 Qxa8 22. Nd2 Nc5 23. Nxf3 Bc8 24. Nd2 Bd7 25. Nb3 Qc8 26. Bc1 Bg4 27. Qc2 h4 28. Nxc5 bxc5 29. Be3 Bf3 30. Bg2 Qg4 31. Bxf3 Qxf3 32. Qe2 Qf6 33. Qg4 hxg3 34. hxg3 Nh5 35. Qe6+ Qxe6 36. dxe6 Rf6 37. Nd5 Rxe6 38. Rb1 Kf7 39. Rb7 Nf6 40. Nc7 g5 41. Nxe6 Kxe6 42. Bxg5 Bd8 43. Bxf6 Bxf6 44. f3 Bg5 45. Kf1 Be3 46. Ke2 Bd4 47. Kd3 Bf2 48. g4 Bh4 49. Rh7 Bg5 50. Rh5 Kf6 51. Kc3 Kg6 52. Kb3 Bd2 53. Ka4 Bf4 54. Kb5 Bg5 55. Kc6 Be7 56. Kd5 Bf8 57. Ke6 Kg7 58. Rf5 Kg8 59. Rxf8+ Kxf8 60. Kxd6 Kf7 61. Kxe5 Kg6 62. Kd5 Kg5 63. Kxc5 Kf4 64. Kd6 Kxf3 65. e5 Kxg4 66. e6 1-0


[Site "https://www.chess.com"]

[Event "Titled Tuesday Blitz March 14 Early 2023"]
[White "Manukian, Artak"]
[Black "Kalajzic, Ivan"]
[WhiteFideId "13301373"]
[BlackFideId "14506378"]
[WhiteElo "2130"]
[BlackElo "2203"]
[Result "1-0"]
[Round "03"]
[TimeControl "180+2"]
[Date "2023.03.14"]
[WhiteClock "0:00:32"]
[BlackClock "0:00:08"]

1. e4 Nc6 2. Nf3 d6 3. d4 Nf6 4. d5 Nb8 5. Bd3 c6 6. c4 g6 7. Nc3 Bg7 8. O-O O-O 9. Bg5 Qc7 10. Qd2 Re8 11. Bh6 Bh8 12. h3 a5 13. Rfc1 Na6 14. a3 Nc5 15. Bc2 a4 16. Rab1 Bd7 17. Be3 cxd5 18. cxd5 b5 19. Nd4 Rec8 20. Ncxb5 Bxb5 21. Nxb5 Qd7 22. Nc3 Qa7 23. f3 Nfd7 24. Nb5 Qb7 25. Nd4 Ne5 26. Qe2 Nb3 27. Bxb3 axb3 28. f4 Nd7 29. Nc6 Nc5 30. Bxc5 dxc5 31. Qc4 Rxc6 32. dxc6 Qxc6 33. Qd5 Qxd5 34. exd5 Bd4+ 35. Kf1 Rd8 36. Rd1 Rxd5 37. Ke2 c4 38. Rbc1 e6 39. Rxc4 Bxb2 40. Rxd5 exd5 41. Rb4 Bxa3 42. Rxb3 Bd6 43. Kf3 Bc5 44. Rb5 Be7 45. Rxd5 Kg7 46. g4 h6 47. Ke4 Bf6 48. Rd7 Bb2 49. Rb7 Kf8 50. Rxb2 1-0


[Site "https://www.chess.com"]

[Event "Titled Tuesday Blitz March 14 Early 2023"]
[White "Dehtiarov, Roman"]
[Black "Bennett, Patrick"]
[WhiteFideId "14186640"]
[BlackFideId "1801228"]
[WhiteElo "2162"]
[BlackElo "2364"]
[Result "1-0"]
[Round "03"]
[TimeControl "180+2"]
[Date "2023.03.14"]
[WhiteClock "0:00:18"]
[BlackClock "0:00:06"]

1. e4 c5 2. Nc3 d6 3. f4 Nc6 4. Nf3 g6 5. Bb5 Bd7 6. O-O Bg7 7. d3 Nd4 8. Bxd7+ Qxd7 9. Be3 e6 10. Bxd4 cxd4 11. Ne2 e5 12. Qd2 Ne7 13. h3 O-O 14. c3 dxc3 15. bxc3 Rac8 16. Rab1 Rc7 17. d4 exd4 18. cxd4 Rfc8 19. Rfc1 d5 20. e5 Nc6 21. Kh2 h5 22. Ng3 Bh6 23. Ng5 Bxg5 24. fxg5 Nd8 25. Rxc7 Qxc7 26. Ne2 Qc2 27. Qxc2 Rxc2 28. Nf4 Rxa2 29. Nxd5 Rd2 30. Nf6+ Kf8 31. d5 Rc2 32. Re1 a5 33. e6 fxe6 34. dxe6 Rc7 35. Nd5 Re7 36. Nxe7 Kxe7 37. Re5 Nc6 38. Rb5 Kxe6 39. Rxb7 Kd5 40. Rg7 a4 41. Rxg6 a3 42. Rg8 Kc4 43. Ra8 Kb3 44. Kg3 1-0


[Site "https://www.chess.com"]

[Event "Titled Tuesday Blitz March 14 Early 2023"]
[White "Fathy, Elameir"]
[Black "Agasarov, Benik"]
[WhiteFideId "10600396"]
[BlackFideId "13314823"]
[WhiteElo "2311"]
[BlackElo "2179"]
[Result "0-1"]
[Round "03"]
[TimeControl "180+2"]
[Date "2023.03.14"]
[WhiteClock "0:01:20"]
[BlackClock "0:02:42"]

1. d4 Nf6 2. c4 e6 3. Nf3 Bb4+ 4. Bd2 Qe7 5. e3 O-O 6. Bd3 Bxd2+ 7. Qxd2 d6 8. Nc3 e5 9. Bc2 Bg4 10. dxe5 dxe5 11. h3 Rd8 12. Qe2 Bh5 13. g4 Bg6 14. Bxg6 hxg6 15. Ng5 Nbd7 16. O-O-O c6 17. h4 Nc5 18. h5 gxh5 19. gxh5 Rxd1+ 20. Qxd1 Rd8 21. Qf3 Nd3+ 22. Kb1 Qb4 23. Nd1 Qd2 24. h6 Qc1# 0-1


[Site "https://www.chess.com"]

[Event "Titled Tuesday Blitz March 14 Early 2023"]
[White "Mohammad Fahad, Rahman"]
[Black "Alahakoon, Isuru"]
[WhiteFideId "10207791"]
[BlackFideId "9900993"]
[WhiteElo "2323"]
[BlackElo "1995"]
[Result "0-1"]
[Round "03"]
[TimeControl "180+2"]
[Date "2023.03.14"]
[WhiteClock "0:00:33"]
[BlackClock "0:00:42"]

1. c4 g6 2. Nc3 Bg7 3. e4 d6 4. d4 Nc6 5. Be3 e5 6. Nge2 Nf6 7. f3 O-O 8. Ng3 exd4 9. Bxd4 Nxd4 10. Qxd4 Nxe4 11. Qxe4 Re8 12. Bd3 f5 13. Qxe8+ Qxe8+ 14. Kd2 Bh6+ 15. Kc2 Qe3 16. Rad1 Qf2+ 17. Kb1 Qxg2 18. Nxf5 Bxf5 19. Bxf5 Qxf3 20. Be4 Qh3 21. Bxb7 Rb8 22. Bd5+ Kh8 23. Rhe1 Bg7 24. Na4 Qxh2 25. Bb7 Bxb2 26. Rh1 Qe2 27. Rhe1 Qxc4 28. Nxb2 Rxb7 29. Re8+ Kg7 30. Re7+ Kf6 31. Rxh7 Qe2 32. Rxd6+ cxd6 33. Rxb7 Qe4+ 0-1


[Site "https://www.chess.com"]